 Dungeon Crawl Stone Soup version 0.28-a0-268-g3f656e82c2 (webtiles) character file.

Game seed: 16168412068507841687

438285 omnomnOMINOUS the Spry (level 24, 0/173 HPs)
             Began as an Octopode Wanderer on Aug 19, 2021.
             Was the Champion of Ru.
             Slain by an azure jelly (9 damage)
             ... while paralysed by a floating eye
             ... on level 2 of the Pits of Slime on Aug 28, 2021.
             The game lasted 06:45:27 (84848 turns).

omnomnOMINOUS the Spry (Octopode Wanderer)         Turns: 84848, Time: 06:45:28

Health: 0/173      AC:  6    Str: 20    XL:     24   Next: 5%
Magic:  35/46      EV:  2    Int: 26    God:    Ru [******]
Gold:   1839       SH:  0    Dex: 14    Spells: 3/43 levels left

rFire   + . .      SeeInvis +   c - +9 demon blade (freeze)
rCold   . . .      Faith    .   T - +1 hat of Patterns {Contam Rampage rPois Str+2}
rNeg    + + .      Spirit   .   t - amulet "Ribur" {RegenMP rC+}
rPois   +          Reflect  .   W - ring "Duovve" {rN+ rCorr MP+9}
rElec   .          Harm     .   r - +4 ring of protection
rCorr   +          Rampage  +   p - ring of Accord {rF++ Will+}
Will    ++...                   g - ring of see invisible
Stlth   ++++......              j - ring of Temiamas {EV+4 Int+4}
HPRegen 0.38/turn               Z - ring of Zorocan {rN+ Str+6 Stlth+}
MPRegen 0.55/turn               R - ring of the Hare {EV+8}

@: paralysed, marked, studying 2 skills
A: almost no armour, amphibious, 7 rings, camouflage 1, gelatinous body 1,
missing a hand, unskilled 1, temperature sensitive, (nimble swimmer 1),
tentacles, antennae 1
}: 2/15 runes: barnacled, gossamer
a: Renounce Religion, Draw Out Power, Power Leap, Apocalypse


You were on level 2 of the Pits of Slime.
You worshipped Ru.
Ru was exalted by your worship.
You visited 11 branches of the dungeon, and saw 45 of its levels.
You also visited: Ice Cave.

You collected 4734 gold pieces.
You spent 2895 gold pieces at shops.

Inventory:

Hand Weapons
 b - the +8 hand axe of Ru's Fury {vorpal, rN+ Will+ MP+9}
   (You took it off Josephine on level 1 of the Spider Nest)

   It inflicts extra damage upon your enemies.
   rN:        It protects you from negative energy.
   MP:        It affects your magic capacity (+9).
   Will:      It increases your willpower.
 c - a +9 demon blade of freezing (weapon)
 d - the +4 hunting sling "Qovel" {venom, rF+ Str+2}
   (You found it on level 4 of the Dungeon)

   Any ammunition fired from it poisons the flesh of those it strikes.
   Str:       It affects your strength (+2).
   rF:        It protects you from fire.
Missiles
 O - 9 curare-tipped darts
 X - 4 throwing nets
Armour
 T - the +1 hat of Patterns (worn) {Contam Rampage rPois Str+2}
   (You acquired it on level 2 of the Orcish Mines)

   Str:       It affects your strength (+2).
   rPois:     It protects you from poison.
   Contam:    It causes magical contamination when unequipped.
   Rampage:   It bestows one free step when moving towards enemies.
Magical Staves
 a - a staff of conjuration
 f - a staff of earth
Jewellery
 g - a ring of see invisible (on tentacle)
 i - a +6 ring of intelligence
 j - the ring of Temiamas (on tentacle) {EV+4 Int+4}
   (You took it off a spriggan air mage on level 2 of the Depths)

   [ring of evasion]

   EV:        It affects your evasion (+4).
   Int:       It affects your intelligence (+4).
 p - the ring of Accord (on tentacle) {rF++ Will+}
   (You found it on level 3 of the Depths)

   [ring of willpower]

   rF:        It greatly protects you from fire.
   Will:      It increases your willpower.
 r - a +4 ring of protection (right tentacle)
 s - the amulet "Plog" {Acrobat rF+ Str+4}
   (You took it off Nikola on level 3 of the Depths)

   [amulet of the acrobat]

   It increases your evasion while moving and waiting.
   Str:       It affects your strength (+4).
   rF:        It protects you from fire.
 t - the amulet "Ribur" (around mantle) {RegenMP rC+}
   (You bought it in a shop on level 2 of the Orcish Mines)

   [amulet of magic regeneration]

   It increases your rate of magic regeneration.
   rC:        It protects you from cold.
 G - a ring of protection from cold
 N - a ring of willpower
 R - the ring of the Hare (on tentacle) {EV+8}
   (You acquired it on level 2 of the Orcish Mines)

   [ring of evasion]

   EV:        It affects your evasion (+8).
 W - the ring "Duovve" (left tentacle) {rN+ rCorr MP+9}
   (You acquired it on level 3 of the Depths)

   [ring of positive energy]

   rN:        It protects you from negative energy.
   MP:        It affects your magic capacity (+9).
   rCorr:     It protects you from acid and corrosion.
 Z - the ring of Zorocan (on tentacle) {rN+ Str+6 Stlth+}
   (You found it on level 6 of the Lair of Beasts)

   [ring of positive energy]

   Str:       It affects your strength (+6).
   rN:        It protects you from negative energy.
   Stlth:     It makes you more stealthy.
Wands
 l - a wand of charming (17)
 o - a wand of digging (17)
 x - a wand of paralysis (38)
 y - a wand of acid (31)
 F - a wand of mindburst (39)
 M - a wand of polymorph (32)
Scrolls
 q - 8 scrolls of blinking
 v - 4 scrolls of holy word
 C - 3 scrolls of fear
 D - 3 scrolls of fog
 I - 5 scrolls of teleportation
 K - 6 scrolls of vulnerability
 L - 4 scrolls of immolation
 P - 2 scrolls of magic mapping
 S - 3 scrolls of summoning
Potions
 e - 3 potions of cancellation
 h - 4 potions of mutation
 m - 3 potions of might
 n - 3 potions of invisibility
 w - 2 potions of magic
 z - 7 potions of curing
 A - 3 potions of brilliance
 B - 4 potions of resistance
 E - 8 potions of haste
 H - 4 potions of attraction
 J - 2 potions of berserk rage
 Q - 9 potions of flight
 V - 4 potions of heal wounds
Miscellaneous
 k - a box of beasts (inert)
 u - a condenser vane
 U - a tin of tremorstones (2/2)
 Y - a phantom mirror


   Skills:
 + Level 16.6 Fighting
 - Level 0.8(9.3) Short Blades
 - Level 13.9(14.0) Long Blades
 - Level 0.8 Throwing
 + Level 16.7 Dodging
 - Level 2.4 Stealth
 - Level 10.0 Spellcasting
 + Level 15.9 Conjurations
 * Level 11.9 Summonings
 - Level 4.0 Transmutations
 + Level 15.9 Earth Magic
 - Level 2.1 Poison Magic


You had 3 spell levels left.
You knew the following spells:

 Your Spells              Type           Power      Damage    Failure   Level
a - Stone Arrow           Conj/Erth      100%       3d13      1%          3
b - Iron Shot             Conj/Erth      38%        9d8       1%          6
c - Iskenderun's Battles  Conj           77%        2d13      1%          5
d - Borgnjor's Vile Clut  Necr/Erth      26%        N/A       4%          5
e - Statue Form           Tmut/Erth      40%        N/A       12%         6
f - Spellforged Servitor  Conj/Summ      35%        N/A       13%         7
g - Lehudib's Crystal Sp  Conj/Erth      38%        10d10     41%         8

Your spell library contained the following spells:

 Spells                   Type           Power      Damage    Failure   Level
 Magic Dart               Conj           100%       1d8       0%          1
 Beastly Appendage        Tmut           66%        N/A       1%          1
 Shock                    Conj/Air       100%       1d9       1%          1
 Call Imp                 Summ           66%        N/A       1%          2
 Passwall                 Tmut/Erth      50%        N/A       1%          2
 Static Discharge         Conj/Air       53%        N/A       1%          2
 Call Canine Familiar     Summ           66%        N/A       1%          3
 Conjure Flame            Conj/Fire      53%        6-21      1%          3
 Dazzling Flash           Conj/Hex       100%       N/A       1%          3
 Mephitic Cloud           Conj/Pois/Air  44%        N/A       1%          3
 Animate Skeleton         Necr           26%        N/A       4%          1
 Freeze                   Ice            52%        1d7       4%          1
 Ignite Poison            Fire/Tmut/Pois 23%        N/A       6%          3
 Corpse Rot               Necr/Air       N/A        N/A       7%          2
 Slow                     Hex            13%        N/A       7%          2
 Confusing Touch          Hex            13%        N/A       14%         3
 Frozen Ramparts          Ice            26%        1d4       14%         3
 Gell's Gravitas          Tloc           6%         N/A       14%         3
 Inner Flame              Hex/Fire       13%        N/A       14%         3
 Ozocubu's Armour         Ice            13%        N/A       14%         3
 Portal Projectile        Hex/Tloc       26%        N/A       14%         3
 Swiftness                Air            13%        N/A       14%         3
 Vampiric Draining        Necr           6%         2d6       14%         3
 Hailstorm                Conj/Ice       53%        3d12      1%          4
 Leda's Liquefaction      Hex/Erth       26%        N/A       1%          4
 Petrify                  Tmut/Erth      60%        N/A       1%          4
 Sticky Flame             Conj/Fire      53%        2d7       1%          4
 Bolt of Magma            Conj/Fire/Erth 31%        4d14      1%          5
 Summon Ice Beast         Ice/Summ       44%        N/A       4%          4
 Summon Lightning Spire   Summ/Air       44%        N/A       4%          4
 Fireball                 Conj/Fire      26%        3d12      4%          5
 Lightning Bolt           Conj/Air       26%        1d42      4%          5
 Summon Forest            Summ/Tloc      22%        N/A       11%         5
 Summon Mana Viper        Hex/Summ       44%        N/A       11%         5
 Freezing Cloud           Conj/Ice/Air   20%        6-21      14%         5
 Olgreb's Toxic Radiance  Pois           24%        N/A       19%         4
 Conjure Ball Lightning   Conj/Air       26%        3x3d7     26%         6
 Starburst                Conj/Fire      26%        6d8       26%         6
 Monstrous Menagerie      Summ           33%        N/A       28%         7
 Summon Hydra             Summ           33%        N/A       28%         7
 Alistair's Intoxication  Tmut/Pois      19%        N/A       34%         5
 Airstrike                Air            6%         N/A       41%         4
 Cause Fear               Hex            6%         N/A       41%         4
 Dispel Undead            Necr           13%        3d9       41%         4
 Passage of Golubria      Tloc           N/A        N/A       41%         4
 Agony                    Necr           13%        N/A       77%         5
 Metabolic Englaciation   Hex/Ice        6%         N/A       77%         5
 Silence                  Hex/Air        6%         N/A       77%         5
 Eringya's Noxious Bog    Tmut/Pois      14%        N/A       89%         6
 Death Channel            Necr           6%         N/A       100%        6
 Invisibility             Hex            6%         N/A       100%        6
 Simulacrum               Ice/Necr       6%         N/A       100%        6
 Dragon Form              Tmut           16%        N/A       100%        7
 Ozocubu's Refrigeration  Ice            6%         4d6       100%        7
 Discord                  Hex            6%         N/A       100%        8
 Ignition                 Fire           6%         3d4       100%        8
 Necromutation            Tmut/Necr      11%        N/A       100%        8
 Dragon's Call            Summ           33%        N/A       100%        9
 Polar Vortex             Ice            6%         N/A       100%        9
 Animate Armour           Summ/Erth      Unusable   N/A       N/A         4

Dungeon Overview and Level Annotations

Branches:
Dungeon (15/15)            Temple (1/1) D:5            Lair (6/6) D:8
 Shoals (4/4) Lair:4       Spider (4/4) Lair:4        Slime (5/5) Lair:5
    Orc (2/2) D:12            Elf (1/3) Orc:2        Vaults (1/5) D:14
 Depths (5/5) D:15           Hell (visited)             Zot (0/5) Depths:5
  IceCv (visited)
    Dis: Hell:1         Geh: Hell:1         Coc: Hell:1         Tar: Hell:1

Altars:
Ashenzari
Cheibriados
Dithmenos
Elyvilon
Fedhas
Gozag
Hepliaklqana
Kikubaaqudgha
Makhleb
Nemelex Xobeh
Okawaru
Qazlal
Ru
Sif Muna
Trog
Uskayaw
Vehumet
Wu Jian
Xom
Yredelemnul
Zin
The Shining One
Beogh
Jiyva
Lugonu

Shops:
D:7 (   D:8 *   D:12 ?   Orc:2 (*=?

Portals:
Hell: Depths:1 Depths:2 Depths:3 Depths:4 Depths:5
Abyss: Depths:1 Depths:2 Depths:4
Pandemonium: Depths:3 Depths:5
Ziggurat: Depths:1

Annotations:
Slime:2 Dissolution
Hell Geryon


Innate Abilities, Weirdness & Mutations

You cannot wear most types of armour.
You are amphibious.
You can wear up to seven rings at the same time.
Your skin changes colour to match your surroundings (Stealth+).
Your rubbery body absorbs attacks. (AC +1, EV +1)
You are missing a hand.
You are somewhat unskilled. (-1 Apt)
You are sensitive to extremes of temperature. (rF-, rC-)
((You are camouflaged near water. (Stealth+)))
You have tentacles for arms and can constrict up to seven enemies at once.
You have a pair of small antennae on your head.


Message History

Dissolution hits your spellforged servitor!
Your spellforged servitor is splashed with acid.
Your spellforged servitor seems to be corroded for longer.
Your spellforged servitor gestures at Dissolution while chanting.
The crystal spear hits Dissolution!!!
The floating eye seems to glare at you. The rockslime hits you!
* * * LOW HITPOINT WARNING * * *
You hold your ground!
The floating eye seems to glare at you.
The shining eye begins to attack, but is stunned by your conviction!
Okay, then.
Unknown command.
You feel much better.
The azure jelly hits you but does no damage.
The azure jelly closely misses you. The azure jelly hits you.
The azure jelly completely misses you.
Dissolution hits your spellforged servitor.
Your spellforged servitor is splashed with acid!
Your spellforged servitor seems to be corroded for longer.
Dissolution hits your spellforged servitor!!
Your spellforged servitor is destroyed!
The rockslime closely misses you.
The azure jelly is stunned by your conviction and fails to attack.
The golden eye blinks at you. You resist with some effort.
The walls burn your larval weirdox beast!
Magic courses through your body.
The rockslime is stunned by your conviction and fails to attack.
The floating eye gazes piercingly through you!
You suddenly lose the ability to move!
The golden eye blinks at you. You resist with almost no effort.
The azure jelly hits you but does no damage.
The azure jelly hits you!
* * * LOW HITPOINT WARNING * * *
The azure jelly freezes you!!!
* * * LOW HITPOINT WARNING * * *
The azure jelly hits you!
You die...

##### ## #######
##...#### #..#..#...
#..HJGG.#...........
#.@JG..............
#.G.J.....#...#....
#...G..............
##..............JJ.
##...#..........G#
##.##............
### ............
............
..........


You could see Dissolution, an azure jelly, a great orb of eyes, a rockslime
(ally target), a shining eye (summoned), 2 floating eyes, a golden eye
(summoned) and a friendly larval weirdox beast (summoned).

Vanquished Creatures
  An ancient lich (Depths:3)
  The ghost of freelancePsychic the Phalangite, a master MfIE of the Shining One (Depths:5)
  Saint Roka (Orc:2)
  5 caustic shrikes (Depths:3)
  Nikola (Depths:3)
  3 golden dragons (Depths:3)
  A bone dragon (Depths:5)
  Arachne (Spider:4)
  2 tentacled monstrosities (Depths:3)
  Rupert (Lair:3)
  The ghost of xzight the Executioner, an adept MiBe of Trog (Shoals:3)
  3 liches (Depths:3)
  An Ice Fiend (IceCv)
  A titan (Depths:3)
  The ghost of Spaninq the Brawler, an adept DrTm of Sif Muna (Shoals:2)
  Asterion (Depths:2)
  A quicksilver dragon (Depths:5)
  A kraken (Shoals:4)
  11 sphinxes
  7 acid blobs
  2 storm dragons
  A tengu reaver (Depths:2)
  A rockslime (Slime:4)
  Donald (Orc:2)
  Ilsuiw (Shoals:2)
  An azure jelly (Slime:2)
  9 fire giants
  A draconian knight (Depths:5)
  9 frost giants
  2 deep elf sorcerers (Depths:3)
  2 ghost moths (Spider:4)
  4 orc warlords
  8 emperor scorpions
  4 spriggan defenders
  An iron dragon (Depths:3)
  A draconian annihilator (Depths:5)
  A quicksilver ooze (Slime:1)
  25 stone giants
  An ironbound preserver (Vaults:1)
  9 very ugly things
  A lorocyproca (Depths:5)
  6 entropy weavers
  A yellow draconian (Depths:5)
  A dire elephant (Lair:6)
  A black draconian (Depths:5)
  10 spark wasps
  A white draconian (Depths:5)
  7 fire dragons
  13 ettins
  A deep elf death mage (Depths:3)
  8 merfolk javelineers
  6 great orbs of eyes
  Josephine (Spider:1)
  2 nameless horrors
  8 rakshasas
  3 merfolk impalers
  Harold (D:8)
  15 ice dragons
  A boulder beetle (D:14)
  13 hydras
  A catoblepas (Lair:5)
  11 two-headed ogres
  2 merfolk aquamancers
  5 spriggan air magi
  2 centaur warriors
  3 ogre magi
  11 satyrs
  A death knight (D:15)
  2 merfolk avatars
  7 deep troll shamans
  10 tengu warriors
  2 hell hogs (Depths:4)
  10 deep troll earth magi
  5 vampire magi
  13 death yaks
  9 spriggan berserkers
  Sonja (Lair:3)
  Urug (Lair:3)
  4 hell knights
  4 orc high priests
  8 skeletal warriors
  Nergalle (Lair:2)
  8 iron trolls
  A spectral anaconda (Lair:6)
  24 deep trolls
  6 glowing orange brains
  8 sea snakes
  5 flayed ghosts
  Pikel (D:3)
  A bog body (IceCv)
  A tengu zombie (Depths:1)
  11 necromancers
  2 obsidian statues
  A wizard (D:14)
  21 harpies
  A harpy (shapeshifter) (D:15)
  3 deep elf pyromancers
  A stone giant zombie (D:15)
  A lindwurm (Lair:4)
  10 orc knights
  A sphinx zombie (Depths:1)
  2 deep elf zephyrmancers
  23 wolf spiders
  8 cyclopes
  17 orb spiders
  6 orc sorcerers
  2 shining eyes (Slime:5)
  33 ugly things
  30 fauns
  2 moths of wrath
  20 manticores
  12 elephants
  2 stone giant skeletons
  A salamander (shapeshifter) (D:15)
  4 water nymphs
  A dire elephant zombie (Lair:6)
  A frost giant skeleton (Depths:2)
  13 merfolk sirens
  6 black mambas
  2 eyes of devastation
  A rust devil (Depths:5)
  A water nymph (shapeshifter) (D:13)
  5 torpor snails
  A dire elephant skeleton (Lair:6)
  Maggie (D:8)
  21 cane toads
  An efreet (D:13)
  3 kobold demonologists
  5 rime drakes
  16 demonic crawlers
  A yaktaur (D:15)
  9 ice devils
  6 tengu conjurers
  2 freezing wraiths
  9 komodo dragons
  7 entropy weaver simulacra (IceCv)
  3 golden dragon simulacra
  3 wind drakes
  7 trolls
  3 meliai (D:15)
  25 jumping spiders
  13 hornets
  31 merfolk
  A deep troll zombie (Depths:1)
  A blink frog (shapeshifter) (D:13)
  32 slime creatures
  A spectral elephant (Lair:6)
  20 blink frogs
  A meliai zombie (D:11)
  2 spriggan zombies
  11 dream sheep
  46 redbacks
  8 snapping turtles
  An ettin zombie (Depths:2)
  A spriggan (shapeshifter) (Depths:3)
  24 tarantellas
  2 deep troll skeletons
  8 spriggan simulacra (IceCv)
  15 water elementals
  A centaur simulacrum (D:13)
  A vampire (D:9)
  2 spriggans (Depths:4)
  A shadow (D:12)
  11 wraiths
  A wyvern (shapeshifter) (Depths:3)
  25 yaks
  A wyvern (D:8)
  A dire elephant simulacrum (IceCv)
  6 basilisks
  7 golden eyes (Slime:3)
  A hog (shapeshifter) (D:14)
  4 steam dragons
  A chaos spawn (Depths:5)
  4 minotaur simulacra (IceCv)
  8 vampire mosquitoes
  A death yak simulacrum (Lair:6)
  2 harpy simulacra (IceCv)
  6 wargs
  2 acid dragons
  4 hydra simulacra (IceCv)
  2 spectral cane toads (Lair:6)
  A floating eye (Depths:3)
  A human skeleton (Depths:1)
  12 water moccasins
  An alligator simulacrum (IceCv)
  2 black bears
  36 orc warriors
  A hornet zombie (D:8)
  3 ice beasts (D:6)
  2 ettin simulacra (Depths:4)
  4 necrophages
  22 wolves
  6 ogres
  2 boggarts (Depths:2)
  4 centaurs
  2 phantoms
  A kobold brigand (D:6)
  2 scorpions
  2 tengu simulacra
  13 bullfrogs
  A cane toad simulacrum (Lair:6)
  6 deep troll simulacra (IceCv)
  A wyvern zombie (D:7)
  A water moccasin skeleton (D:6)
  An elephant simulacrum (Lair:6)
  3 lindwurm simulacra (IceCv)
  11 killer bees
  5 wights (D:9)
  3 electric eels
  9 howler monkeys
  2 centaur zombies
  17 orc priests
  3 hounds
  2 centaur skeletons
  A bullfrog skeleton (D:5)
  5 iguanas
  18 orc wizards
  A hound skeleton (D:5)
  A howler monkey zombie (D:7)
  2 gnolls
  5 adders
  A howler monkey skeleton (D:5)
  A white imp (D:6)
  An adder skeleton (D:5)
  4 worms
  A dart slug (D:5)
  62 orcs
  3 ball pythons
  7 endoplasms
  3 giant cockroaches
  2 goblins (D:2)
  8 hobgoblins
  4 jackals (D:4)
  4 quokkas
  4 bats
  4 kobolds
  A rat (D:2)
  8 tentacles
1407 creatures vanquished.

Vanquished Creatures (collateral kills)
  A juggernaut (Depths:3)
  The ghost of Sips the Imperceptible, a master GnFi of Cheibriados (Depths:2)
  A golden dragon (Depths:3)
  A bone dragon (Depths:5)
  A tentacled monstrosity (Depths:3)
  A lich (Depths:2)
  A titan (Depths:3)
  3 acid blobs
  A sphinx (shapeshifter) (Depths:3)
  The ghost of Huaklezo the Severer, an adept HOFi of Ru (Spider:4)
  2 rockslimes (Slime:1)
  An azure jelly (Slime:3)
  3 fire giants
  A frost giant (Depths:2)
  A stone giant (Depths:4)
  A quicksilver ooze (Slime:2)
  A very ugly thing (Depths:4)
  3 nameless horrors
  A yellow draconian (Depths:5)
  2 ettins
  A merfolk avatar (Shoals:2)
  2 deep troll earth magi (Depths:5)
  A vampire mage (Depths:3)
  A deep troll shaman (Depths:4)
  A hell hog (Depths:4)
  A spriggan berserker (Depths:4)
  3 hell knights (Depths:4)
  2 spriggans (Depths:4)
  3 iron trolls (Depths:5)
  6 deep trolls
  2 necromancers (Depths:4)
  A deep elf pyromancer (Depths:4)
  An ugly thing (Depths:5)
  An orange demon (Depths:5)
  19 slime creatures
  8 hornets
  A water elemental (Depths:4)
  2 golden eyes (Slime:3)
  An ettin simulacrum (Depths:4)
  A worm (Spider:4)
86 creatures vanquished.

Vanquished Creatures (others)
  A kraken (Shoals:1)
  A fire giant (Depths:3)
  A deep elf high priest (Depths:3)
  2 spriggan berserkers (Depths:4)
  A harpy (Shoals:3)
  A demonic crawler (Spider:4)
  2 slime creatures (Slime:5)
  A hornet (Depths:4)
  A spriggan simulacrum (IceCv)
  A yak (D:9)
  An acid dragon (D:11)
  A bullfrog (Lair:4)
  An orc priest (Orc:2)
  2 orc wizards (Orc:2)
  An orc (D:8)
  54 fungi
  169 plants
  20 tentacles
  26 withered plants
287 creatures vanquished.

Grand Total: 1780 creatures vanquished

Notes
Turn   | Place    | Note
-------+----------+-------------------------------------------
     0 | D:1      | omnomnOMINOUS the Octopode Wanderer began the quest for the
                  | Orb.
     0 | D:1      | omnomnOMINOUS set off with the following items: a +2 short
                  | sword, a +0 falchion, 11 poisoned darts, a +0 dagger
     0 | D:1      | Reached XP level 1. HP: 14/14 MP: 2/2
   519 | D:1      | Found a faded altar of an unknown god.
   525 | D:1      | Became a worshipper of Ru the Awakened
   529 | D:1      | Reached XP level 2. HP: 13/20 MP: 3/3
   533 | D:1      | Gained mutation: You are missing a hand. [Ru sacrifice]
   533 | D:1      | Reached * piety under Ru
   533 | D:1      | Reached ** piety under Ru
   533 | D:1      | Reached *** piety under Ru
   857 | D:1      | Reached XP level 3. HP: 25/25 MP: 4/4
  1475 | D:2      | Found a sacrificial altar of Ru.
  1481 | D:2      | Reached XP level 4. HP: 29/31 MP: 5/5
  2140 | D:3      | Reached XP level 5. HP: 35/37 MP: 6/6
  2702 | D:4      | Identified the +4 hunting sling "Qovel" {venom, rF+ Str+2}
  3023 | D:4      | Noticed a lemure
  3030 | D:4      | Noticed Pikel
  3036 | D:4      | Noticed a lemure
  3061 | D:3      | Killed Pikel
  3062 | D:3      | Reached skill level 5 in Fighting
  3062 | D:3      | Reached XP level 6. HP: 27/45 MP: 11/11
  3062 | D:3      | Reached XP level 7. HP: 30/50 MP: 12/12
  3258 | D:4      | Found a sparkling altar of Nemelex Xobeh.
  3263 | D:4      | Learned a level 3 spell: Dazzling Flash
  3467 | D:4      | Reached skill level 5 in Dodging
  3472 | D:4      | Reached skill level 1 in Conjurations
  3652 | D:4      | Found an iron altar of Okawaru.
  3892 | D:4      | Gained mutation: You are somewhat unskilled. (-1 Apt) [Ru
                  | sacrifice]
  3892 | D:4      | Reached **** piety under Ru
  3909 | D:5      | Entered Level 5 of the Dungeon
  3938 | D:5      | Noticed a steam dragon
  3977 | D:5      | Noticed a troll
  4076 | D:5      | Reached XP level 8. HP: 55/55 MP: 12/12
  4163 | D:5      | Found a staircase to the Ecumenical Temple.
  4170 | Temple   | Entered the Ecumenical Temple
  4299 | D:5      | Gained mutation: You have a pair of small antennae on your
                  | head. [potion of mutation]
  4306 | D:5      | Killed a troll
  4307 | D:5      | Reached skill level 5 in Dodging
  4679 | D:5      | Found a stormy altar of Qazlal.
  5372 | D:6      | Reached XP level 9. HP: 62/62 MP: 13/13
  5379 | D:6      | Learned a level 6 spell: Iron Shot
  5428 | D:6      | Reached skill level 5 in Conjurations
  6152 | D:6      | Upgraded the game from 0.28-a0-199-g298df9dbad to
                  | 0.28-a0-239-g68911e0c57
  6600 | D:6      | Found a broken altar of Ashenzari.
  6938 | D:6      | Found a sacrificial altar of Ru.
  6941 | D:6      | Found a shimmering blue altar of Sif Muna.
  6943 | D:6      | Found a basalt altar of Yredelemnul.
  6981 | D:6      | Found a radiant altar of Vehumet.
  7458 | D:7      | Identified 2 scrolls of acquirement
  7493 | D:7      | Gained mutation: You are sensitive to extremes of
                  | temperature. (rF-, rC-) [Ru sacrifice]
  7493 | D:7      | Reached ***** piety under Ru
  7493 | D:7      | Reached ****** piety under Ru
  7642 | D:7      | Noticed a gargoyle
  8469 | D:7      | Found a hide-covered altar of Uskayaw.
  8693 | D:7      | Reached XP level 10. HP: 71/71 MP: 14/14
  8938 | D:8      | Noticed a skeletal warrior
  8945 | D:8      | Killed a skeletal warrior
  8968 | D:8      | Noticed a skeletal warrior
  9268 | D:8      | Found an ornate altar of the Wu Jian Council.
  9271 | D:8      | Found a bloodstained altar of Trog.
  9276 | D:8      | Found an opulent altar of Gozag.
  9326 | D:8      | Learned a level 3 spell: Stone Arrow
  9358 | D:8      | Found a staircase to the Lair.
  9455 | D:8      | Found a glowing silver altar of Zin.
  9456 | D:8      | Noticed a skeletal warrior
  9457 | D:8      | Noticed a skeletal warrior
  9488 | Lair:1   | Entered Level 1 of the Lair of Beasts
  9525 | Lair:1   | Noticed a six-headed hydra
  9535 | D:8      | Reached skill level 1 in Earth Magic
  9825 | D:8      | Noticed Maggie
  9832 | D:8      | Killed Maggie
 10531 | D:7      | Found Miskokov's Weapon Emporium.
 10651 | D:8      | Found a glowing golden altar of the Shining One.
 10768 | D:8      | Found Joonetet's Assorted Antiques.
 10777 | D:8      | Bought a scroll of identify for 62 gold pieces
 10778 | D:8      | Bought a scroll labelled POTHRIA QONA for 31 gold pieces
 10778 | D:8      | Bought a black potion for 27 gold pieces
 10778 | D:8      | Bought a scroll labelled WUKLOE ZUFEL for 31 gold pieces
 10778 | D:8      | Bought an inky potion for 27 gold pieces
 10877 | D:8      | Killed a skeletal warrior
 11065 | D:8      | Killed a skeletal warrior
 11066 | D:8      | Reached XP level 11. HP: 34/77 MP: 3/15
 11327 | D:8      | Killed a skeletal warrior
 11328 | D:8      | Reached skill level 5 in Earth Magic
 11750 | D:8      | Noticed Harold
 11762 | D:8      | Killed Harold
 12326 | D:9      | Noticed a two-headed ogre
 12336 | D:9      | Killed a two-headed ogre
 13079 | D:9      | Found a shadowy altar of Dithmenos.
 13524 | D:10     | Entered Level 10 of the Dungeon
 14147 | D:10     | Noticed a two-headed ogre
 14151 | D:10     | Killed a two-headed ogre
 14271 | D:10     | Noticed a two-headed ogre
 14510 | D:10     | Killed a two-headed ogre
 14837 | Lair:1   | Killed a six-headed hydra
 14838 | Lair:1   | Reached XP level 12. HP: 72/85 MP: 16/16
 15030 | Lair:1   | Acquired a +2 demon blade of freezing
 15037 | Lair:1   | Acquired a +6 ring of intelligence
 15064 | Lair:1   | Noticed a six-headed hydra
 15181 | Lair:1   | Killed a six-headed hydra
 15384 | Lair:2   | Noticed a four-headed hydra
 15384 | Lair:2   | Noticed a five-headed hydra
 15387 | Lair:2   | Killed a four-headed hydra
 15387 | Lair:2   | Killed a five-headed hydra
 15388 | Lair:2   | Reached skill level 1 in Long Blades
 15839 | Lair:2   | Noticed a seven-headed hydra
 15848 | Lair:2   | Killed a seven-headed hydra
 15849 | Lair:2   | Reached skill level 10 in Fighting
 15858 | Lair:2   | Reached skill level 10 in Dodging
 16027 | Lair:2   | Noticed Nergalle
 16256 | Lair:2   | Killed Nergalle
 16567 | Lair:3   | Noticed Sonja
 16568 | Lair:3   | Killed Sonja
 16595 | Lair:3   | Noticed Urug
 16607 | Lair:3   | Killed Urug
 16625 | Lair:3   | Reached XP level 13. HP: 65/92 MP: 2/17
 16737 | Lair:3   | Reached skill level 5 in Long Blades
 16771 | Lair:3   | Noticed Rupert
 16884 | Lair:3   | Identified the +3 war axe of an ossuary {vorpal, Dex+6}
 16946 | Lair:3   | Killed Rupert
 18418 | Lair:4   | Found a staircase to the Shoals.
 18608 | Lair:4   | Found a hole to the Spider Nest.
 20208 | Lair:5   | Reached XP level 14. HP: 99/99 MP: 18/18
 20331 | Lair:5   | Found a staircase to the Slime Pits.
 21032 | Lair:6   | Entered Level 6 of the Lair of Beasts
 21154 | Lair:6   | Upgraded the game from 0.28-a0-239-g68911e0c57 to
                  | 0.28-a0-245-g639a1a48b9
 21160 | Lair:6   | Learned a level 5 spell: Iskenderun's Battlesphere
 22175 | Lair:6   | Reached skill level 10 in Conjurations
 22229 | Lair:6   | Reached skill level 10 in Earth Magic
 22924 | Lair:6   | Noticed a dire elephant
 23639 | Lair:6   | Killed a dire elephant
 24184 | Lair:6   | Reached XP level 15. HP: 107/107 MP: 17/19
 24892 | Lair:6   | Identified the ring of Zorocan {rN+ Str+6 Stlth+}
 26245 | D:12     | Found Addaduext's Magic Scroll Shop.
 26419 | D:12     | Reached skill level 10 in Long Blades
 26493 | D:12     | Found a staircase to the Orcish Mines.
 27036 | D:12     | Found a bloodstained altar of Trog.
 27284 | Orc:1    | Entered Level 1 of the Orcish Mines
 27800 | Orc:1    | Noticed an orc warlord
 27818 | Orc:1    | Killed an orc warlord
 28666 | Orc:2    | Entered Level 2 of the Orcish Mines
 28880 | Orc:2    | Noticed Donald
 29295 | Orc:2    | Killed Donald
 29632 | Orc:2    | Found a staircase to the Elven Halls.
 29860 | Orc:2    | Noticed Saint Roka
 29870 | Orc:2    | Killed Saint Roka
 30768 | Orc:2    | Upgraded the game from 0.28-a0-245-g639a1a48b9 to
                  | 0.28-a0-247-gb8bfbab023
 30962 | Orc:2    | Found Locrar's Antique Weapon Emporium.
 30962 | Orc:2    | Found Qeledwia's Magic Scroll Shop.
 30964 | Orc:2    | Found Lunirita's General Store.
 30964 | Orc:2    | Found Efed's Jewellery Shop.
 31020 | Orc:2    | Bought the amulet "Ribur" {RegenMP rC+} for 616 gold pieces
 31036 | Orc:2    | Bought a scroll of acquirement for 624 gold pieces
 31040 | Orc:2    | Acquired the ring of the Hare {EV+8}
 31040 | Orc:2    | Found the ring of the Hare {EV+8}
 31045 | Orc:2    | Bought a scroll of acquirement for 624 gold pieces
 31045 | Orc:2    | Acquired 440 gold pieces
 31104 | Elf:1    | Entered Level 1 of the Elven Halls
 31365 | Shoals:1 | Entered Level 1 of the Shoals
 31374 | Shoals:1 | Noticed a kraken
 31561 | Shoals:1 | Killed a kraken
 31982 | Shoals:1 | Reached XP level 16. HP: 95/114 MP: 19/23
 32012 | Shoals:1 | Reached skill level 5 in Spellcasting
 33593 | Shoals:2 | Found a runed translucent gate.
 33593 | Shoals:2 | Found a runed translucent gate.
 33593 | Shoals:2 | Found a runed translucent gate.
 33595 | Shoals:2 | Found a frozen archway.
 33604 | Shoals:2 | Noticed Ilsuiw
 33605 | Shoals:2 | Noticed Spaninq's ghost (adept DrTm)
 33619 | Shoals:2 | Killed Ilsuiw
 33776 | IceCv    | Entered an ice cave
 35608 | IceCv    | Noticed an Ice Fiend
 35718 | IceCv    | Killed an Ice Fiend
 35773 | IceCv    | Learned a level 5 spell: Borgnjor's Vile Clutch
 37159 | Shoals:3 | Identified the +8 short sword of Nukuroot {antimagic, rElec
                  | rF- rCorr}
 37562 | Spider:1 | Entered Level 1 of the Spider Nest
 38257 | Orc:2    | Bought a scroll of acquirement for 624 gold pieces
 38257 | Orc:2    | Acquired the +1 hat of Patterns {Contam Rampage rPois
                  | Str+2}
 38268 | Orc:2    | Bought a scroll of blinking for 90 gold pieces
 38271 | Orc:2    | Bought a potion of heal wounds for 55 gold pieces
 38803 | Spider:1 | Identified the +4 trident "omnomnOMINOUS's Peril" {venom,
                  | rElec rF- rN+}
 38992 | Spider:1 | Identified the +8 hand axe of Ru's Fury {vorpal, rN+ Will+
                  | MP+9}
 38992 | Spider:1 | Noticed Josephine
 38994 | Spider:1 | Killed Josephine
 39775 | Spider:2 | Reached XP level 17. HP: 121/121 MP: 26/26
 43151 | Spider:4 | Entered Level 4 of the Spider Nest
 43413 | Spider:4 | Noticed Arachne
 43941 | Spider:4 | Killed Arachne
 44762 | Spider:4 | Found a runed translucent door.
 44762 | Spider:4 | Noticed Huaklezo's ghost (adept HOFi)
 44994 | Spider:4 | Reached XP level 18. HP: 127/128 MP: 13/27
 46322 | Spider:4 | Got a gossamer rune of Zot
 46543 | Shoals:2 | Learned a level 6 spell: Statue Form
 46559 | Shoals:3 | Noticed xzight's ghost (adept MiBe)
 47742 | Shoals:3 | Found a burning altar of Makhleb.
 48505 | Shoals:3 | Found a large runed translucent door.
 48505 | Shoals:3 | Found a large runed translucent door.
 49576 | Shoals:4 | Entered Level 4 of the Shoals
 50041 | D:12     | Bought a scroll of teleportation for 48 gold pieces
 50152 | Orc:2    | Bought a scroll of teleportation for 36 gold pieces
 51635 | D:13     | Identified the +9 short sword of Prudence {vorpal, Fly
                  | Int+4 Stlth+}
 51635 | D:13     | Identified the ring "Daefru" {*Corrode rPois Str+6 Slay+2}
 52105 | D:14     | Identified the +0 robe "Xaewing" {MP-9 Slay+5}
 52407 | D:14     | Found the +12 glaive of Prune {vorpal}
 52563 | D:14     | Found a flagged portal.
 52939 | D:14     | Found a gate to the Vaults.
 52946 | Vaults:1 | Entered Level 1 of the Vaults
 53039 | D:15     | Entered Level 15 of the Dungeon
 53135 | D:15     | Reached XP level 19. HP: 136/136 MP: 0/28
 53747 | D:15     | Reached skill level 1 in Transmutations
 54298 | D:15     | Found a staircase to the Depths.
 54507 | D:15     | Upgraded the game from 0.28-a0-247-gb8bfbab023 to
                  | 0.28-a0-258-g8de209e91f
 55139 | Depths:1 | Entered Level 1 of the Depths
 56384 | Shoals:4 | Paralysed by a sphinx for 4 turns
 56576 | Shoals:4 | Paralysed by a sphinx for 3 turns
 58403 | Shoals:4 | Identified the +8 plate armour of the Great Game {Dex+4}
 58424 | Shoals:4 | Got a barnacled rune of Zot
 58456 | Shoals:4 | Identified the +7 hunting sling of Yjeg {flame, Drain rCorr
                  | Str+3}
 58959 | Lair:1   | Learned a level 7 spell: Spellforged Servitor
 59201 | Depths:1 | Found a gateway to Hell.
 59470 | Depths:1 | Reached skill level 1 in Summonings
 59676 | Depths:1 | Found a gateway to a ziggurat.
 60900 | Slime:1  | Entered Level 1 of the Pits of Slime
 61516 | Depths:1 | Reached XP level 20. HP: 144/144 MP: 32/32
 61787 | Depths:1 | Identified the +6 morningstar "Worala Siyr" {flame, rF-
                  | Dex+6}
 62767 | Depths:1 | Found a one-way gate to the infinite horrors of the Abyss.
 62861 | Hell     | Entered the Vestibule of Hell
 62861 | Hell     | Noticed Geryon
 63694 | Depths:2 | Found a hazy altar of Hepliaklqana.
 64303 | Depths:2 | Found a runed translucent gate.
 64304 | Depths:2 | Found a runed translucent gate.
 64306 | Depths:2 | Found a runed translucent gate.
 64308 | Depths:2 | Noticed Sips's ghost (master GnFi)
 65458 | Depths:2 | Reached skill level 15 in Dodging
 65464 | Depths:2 | Identified the +2 ring mail of Iguhalle {rN+}
 65598 | Depths:2 | Reached skill level 15 in Fighting
 65893 | Depths:2 | Identified the ring of Temiamas {EV+4 Int+4}
 66252 | Depths:2 | Noticed Asterion
 66265 | Depths:2 | Killed Asterion
 66266 | Depths:2 | Reached skill level 5 in Summonings
 67076 | Depths:3 | Reached XP level 21. HP: 151/151 MP: 32/33
 67255 | Depths:3 | Identified the +0 chain mail "Zegocwes" {Regen+}
 67418 | Depths:3 | Found a blossoming altar of Fedhas.
 67485 | Depths:3 | Got Jyifyiqu's Almanac of the Hurtful Frostbite
 67877 | Depths:3 | Upgraded the game from 0.28-a0-258-g8de209e91f to
                  | 0.28-a0-265-g048bc9fd10
 68080 | Depths:3 | Noticed a caustic shrike
 68093 | Depths:3 | Killed a caustic shrike
 68296 | Depths:3 | Acquired the ring "Duovve" {rN+ rCorr MP+9}
 68779 | Depths:3 | Identified the ring of Accord {rF++ Will+}
 68976 | Depths:3 | Noticed a caustic shrike
 69033 | Depths:3 | Killed a caustic shrike
 69063 | Depths:3 | Upgraded the game from 0.28-a0-265-g048bc9fd10 to
                  | 0.28-a0-268-g3f656e82c2
 69119 | Depths:3 | Noticed a caustic shrike
 69133 | Depths:3 | Killed a caustic shrike
 69814 | Depths:3 | Identified the amulet "Plog" {Acrobat rF+ Str+4}
 69814 | Depths:3 | Noticed Nikola
 69874 | Depths:3 | Killed Nikola
 70491 | Depths:3 | Noticed a caustic shrike
 70503 | Depths:3 | Killed a caustic shrike
 70814 | Depths:3 | Reached XP level 22. HP: 158/158 MP: 15/34
 70828 | Depths:3 | Identified the ring of Crawling {Ice Str+3 Dex+3}
 71353 | Depths:3 | Noticed an ancient lich
 71362 | Depths:3 | Killed an ancient lich
 71397 | Depths:3 | Reached skill level 15 in Earth Magic
 71453 | Depths:3 | Reached skill level 15 in Conjurations
 71643 | Depths:3 | Found a one-way gate leading to the halls of Pandemonium.
 71740 | Depths:3 | Noticed a golden dragon
 71745 | Depths:3 | Killed a golden dragon
 71761 | Depths:3 | Noticed a golden dragon
 71768 | Depths:3 | Killed a golden dragon
 72168 | Depths:3 | Identified the ring of Seal Paa {rF- EV+4 Str+6}
 72260 | Depths:3 | Found a runed translucent door.
 72577 | Depths:3 | Noticed a golden dragon
 72688 | Depths:3 | Got the Compendium of Feathers and Moulding
 72718 | Depths:3 | Got Iceobl Zohu's Papyrus of Congealing Displacement
 72849 | Depths:3 | Noticed a juggernaut
 72849 | Depths:3 | Noticed a caustic shrike
 72858 | Depths:3 | Killed a caustic shrike
 72950 | Depths:3 | Killed a juggernaut
 73002 | Depths:3 | Noticed a golden dragon
 73042 | Depths:3 | Killed a golden dragon
 73043 | Depths:3 | Reached skill level 10 in Summonings
 75928 | Depths:5 | Entered Level 5 of the Depths
 76022 | Depths:5 | Reached XP level 23. HP: 126/165 MP: 7/36
 76179 | Depths:5 | Learned a level 8 spell: Lehudib's Crystal Spear
 76802 | Depths:5 | Found a runed translucent door.
 77815 | Depths:5 | Found a gate to the Realm of Zot.
 77849 | Depths:5 | Reached skill level 10 in Spellcasting
 78217 | Depths:5 | Noticed freelancePsychic's ghost (master MfIE)
 78635 | Shoals:2 | Killed Spaninq's ghost
 78788 | Shoals:3 | Killed xzight's ghost
 79205 | Spider:4 | Killed Huaklezo's ghost
 79215 | Spider:4 | Got the Papyrus of Evil Magic and Envenoming
 80314 | Depths:2 | Identified the +2 pair of gloves of Space {Str+7}
 80451 | Depths:2 | Killed Sips's ghost
 80696 | Depths:2 | Found a hazy altar of Hepliaklqana.
 81400 | Depths:3 | Killed a golden dragon
 81626 | Depths:5 | Killed freelancePsychic's ghost
 84626 | Slime:5  | Entered Level 5 of the Pits of Slime
 84657 | Slime:5  | Reached XP level 24. HP: 156/173 MP: 2/37
 84773 | Slime:4  | Found a viscous altar of Jiyva.
 84831 | Slime:2  | Noticed Dissolution
 84836 | Slime:2  | Paralysed by a floating eye for 4 turns
 84848 | Slime:2  | Paralysed by a floating eye for 3 turns
 84848 | Slime:2  | Slain by an azure jelly

Illustrated notes

Levels and vault maps discovered:
D:1:      lemuel_arrival_behind_the_door_small, layout_basic,
          shapermc_ecumenical_altar_venn
D:2:      layout_rooms, basic_altar, minmay_quadrilaterals
D:3:      layout_rooms
D:4:      layout_loops_ring, okawaru_altar_gauntlet_db,
          nemelex_spade_bored_becter, uniq_pikel
D:5:      layout_loops_ring, grunt_qazlal_clouds,
          minmay_temple_entry_drinking_statues
D:6:      minmay_skewed_foursquare, layout_basic, lemuel_doored_altar,
          nicolae_overflow_hidden_temple, ashenzari_altar_1, item_on_display_a
D:7:      layout_loops_corners, amcnicky_altar_gilded, serial_shops, shop,
          minmay_chambers_of_fives
D:8:      layout_loops_ring, zin_treasury,
          chequers_temple_overflow_statue_of_worship,
          mainiacjoe_overflow_six_doors_small, tso_metal_star, lair_entry_dummy,
          serial_shops, nicolae_lakefront_shop, uniq_maggie, uniq_harold
D:9:      layout_roguey, kennysheep_little_box
D:10:     layout_roguey
D:11:     layout_cave_pools
D:12:     layout_cave_pods, david_orc_3, serial_shops, nicolae_shop_crystal,
          minmay_misc_feat_four_crosses, trog_three_pillars_becter
D:13:     minmay_shrinking_squares, layout_loops_ring, kennysheep_just_a_vault
D:14:     layout_loops_ring, david_vaults_4, enter_bailey_2,
          minmay_misc_feat_nine_boxes, chequers_serial_rivers_small_a,
          minmay_guarded_unrand_prune
D:15:     gammafunk_depths_entry_grave, layout_gridville,
          minmay_misc_feat_pillars, minmay_evil_grid
Temple:   corrupted_temple
Lair:1:   layout_hall_layers, beast_lair_carwin_5
Lair:2:   layout_small_grid, uniq_nergalle
Lair:3:   layout_misc_corridors, gauntlet_entry_generic, serial_bayou_crossing,
          grunt_megastairs_4, uniq_rupert, uniq_sonja, uniq_urug
Lair:4:   layout_cellular_growth, minmay_shoals_entry_beasts,
          spider_nest_entry_a
Lair:5:   layout_concentric_octagons, slime_dummy
Lair:6:   due_jungle_book, layout_regular_city, grunt_megastairs_5
Shoals:1: layout_shoals
Shoals:2: layout_shoals, gammafunk_ghost_split,
          portal_ice_cave_entry_pillars_four, uniq_ilsuiw
Shoals:3: layout_shoals, ebering_ghost_disaster_area, lemuel_altar_in_water
Shoals:4: shoals_end_hellmonk_lost_city
Spider:1: layout_spider_delve, uniq_josephine
Spider:2: layout_chambers, worms_lemuel
Spider:3: layout_spider_delve, hangedman_spider_tarantella_strand
Spider:4: spider_rune_water, ebering_ghost_reflecting_pool, hive_lemuel,
          uniq_arachne
Slime:1:  layout_caves, nicolae_slime_phagocytosis
Slime:2:  layout_caves, uniq_dissolution
Slime:3:  layout_caves
Slime:4:  layout_caves, basic_altar
Slime:5
Orc:1:    orc_temple, layout_caves
Orc:2:    grunt_orc_tribal_feast, layout_diamond_mine, uniq_donald,
          uniq_saint_roka
Elf:1:    nicolae_elf_arrival_no_cutting_in_line, layout_loops_corners,
          serial_shops, nicolae_square_shop, shop, shop, shop,
          nicolae_shop_trees, minmay_elf_sorcery, minmay_shoptagon, uniq_aizul
Vaults:1: vaults_dpeg_doors, hangedman_vaults_trim, hangedman_vaults_cutoff,
          v_misc_26, nicolae_vaults_little_squares_4, vaults_room_fours,
          vaults_room_semicircle, layout_vaults_omnigrid
Depths:1: layout_basic, enter_ziggurat_a, abyss_entry, hell_entry,
          hangedman_decor_clover_reticule, nooodl_orcs_dogs
Depths:2: minmay_box_of_curves, layout_cave_pools,
          nicolae_hepliaklqana_hippocampus, gammafunk_ghost_tricky_traps,
          grunt_hell_entry_dis_old, abyss_entry, minmay_misc_feat_roman,
          uniq_asterion
Depths:3: minmay_the_grid_ultimate [minmay_the_grid_prize_big_room,
          minmay_the_grid_prize_shrinking_boxes,
          minmay_the_grid_prize_four_corners,
          minmay_the_grid_prize_four_corners_diamond_a,
          minmay_the_grid_square_5x5_hourglass,
          minmay_the_grid_square_5x5_longway,
          minmay_the_grid_square_5x5_almost_minimal,
          minmay_the_grid_square_5x5_inner_i, minmay_the_grid_square_5x5_forky,
          minmay_the_grid_square_5x5_inner_v,
          minmay_the_grid_square_5x5_misaligned,
          minmay_the_grid_square_5x5_n_small, minmay_the_grid_square_5x5_mess,
          minmay_the_grid_square_5x5_two_walls_a,
          minmay_the_grid_square_5x5_minimal, minmay_the_grid_square_5x5_six,
          minmay_the_grid_square_5x5_doubleslash, minmay_the_grid_square_5x5_n,
          minmay_the_grid_square_5x5_percent,
          minmay_the_grid_triangle_9x9_shrine,
          minmay_the_grid_triangle_9x9_minimal,
          minmay_the_grid_triangle_9x9_wacky_v,
          minmay_the_grid_triangle_9x9_corrupted_corridor,
          minmay_the_grid_triangle_9x9_descending_squares,
          minmay_the_grid_triangle_9x9_corruption,
          minmay_the_grid_triangle_9x9_intruding_spiral,
          minmay_the_grid_triangle_9x9_zippers_vertical,
          minmay_the_grid_triangle_9x9_pentomino_pain,
          minmay_the_grid_triangle_9x9_limited_checkers,
          minmay_the_grid_triangle_9x9_sprig,
          minmay_the_grid_triangle_9x9_longest,
          minmay_the_grid_triangle_9x9_subtriangle,
          minmay_the_grid_triangle_9x9_semitri,
          minmay_the_grid_triangle_9x9_stretched_checkered,
          minmay_the_grid_triangle_9x9_empty,
          minmay_the_grid_square_5x5_sharp_hourglass,
          minmay_the_grid_octo_teeth, minmay_the_grid_octo_77,
          minmay_the_grid_octo_odd_swirl, minmay_the_grid_octo_horde,
          minmay_the_grid_octo_checkered, minmay_the_grid_octo_clover_2,
          minmay_the_grid_octo_empty, minmay_the_grid_octo_chip,
          minmay_the_grid_minigrid_large, minmay_the_grid_square_x,
          minmay_the_grid_pillar_ring, minmay_the_grid_tri_star], pan_entry,
          hell_entry, uniq_nikola
Depths:4: hangedman_elemental_death_ray, layout_gridlike,
          pf_hell_entry_tar_spiral, kennysheep_nondescript, abyss_entry,
          serial_bayou_shore_b, minmay_staircase_bubble
Depths:5: evilmike_zot_entry_round, layout_gridlike, rand_demon_pan_entry_7,
          hell_entry, minmay_stone_trees_medium, ebering_ghost_reflecting_pool
Hell

Skill      XL: |  1  2  3  4  5  6  7  8  9 10 11 12 13 14 15 16 17 18 19 20 21 22 23 |
---------------+----------------------------------------------------------------------+-----
Dodging        | 2 3 4 4 5 6 8 9 10 11 12 13 14 15 16 | 16.7
Fighting       | 3 5 6 7 8 9 10 11 12 13 14 15 16 | 16.6
Spellcasting   | 3 4 6 8 9 10 | 10.0
Conjurations   | 2 4 7 8 9 10 11 12 13 14 15 | 15.9
Short Blades   | 0 |  0.8
Throwing       | 0 |  0.8
Earth Magic    | 4 7 8 9 10 11 12 13 14 15 | 15.9
Long Blades    | 4 7 9 10 12 13 | 13.9
Transmutations | 4 |  4.0
Summonings     | 1 5 8 10 11 | 11.9
Stealth        | |  2.4
Poison Magic   | |  2.1

Action                   |  1- 3 |  4- 6 |  7- 9 | 10-12 | 13-15 | 16-18 | 19-21 | 22-24 || total
-------------------------+-------+-------+-------+-------+-------+-------+-------+-------++-------
Melee: Short sword       |    34 |    48 |     2 |       |       |       |       |       ||    84
       Tentacles         |     9 |    14 |     1 |     3 |    20 |    19 |    21 |    25 ||   112
       Constrict         |     7 |    10 |     3 |     5 |    23 |    12 |    10 |     8 ||    78
       War axe           |       |     6 |       |       |       |       |       |       ||     6
       Falchion          |       |     2 |       |       |       |       |       |       ||     2
       Dagger            |       |       |    12 |    18 |       |       |       |       ||    30
       Demon blade       |       |       |       |       |    68 |    70 |    79 |   108 ||   325
       Staff             |       |       |       |       |     1 |       |     1 |       ||     2
       Hand axe          |       |       |       |       |       |     1 |       |       ||     1
 Fire: Hunting sling     |       |    27 |   302 |   172 |    11 |       |       |       ||   512
Throw: Dart              |     3 |       |       |     1 |     7 |       |       |       ||    11
       Throwing net      |       |       |       |       |       |     1 |       |       ||     1
 Cast: Dazzling Flash    |       |       |     2 |       |       |       |       |       ||     2
       Stone Arrow       |       |       |       |   214 |   448 |   228 |    29 |     5 ||   924
       Iron Shot         |       |       |       |       |   120 |   413 |   535 |   342 ||  1410
       Iskenderun's Batt |       |       |       |       |    74 |   109 |   163 |    64 ||   410
       Borgnjor's Vile C |       |       |       |       |       |     1 |       |     9 ||    10
       Spellforged Servi |       |       |       |       |       |       |       |    68 ||    68
       Statue Form       |       |       |       |       |       |       |       |     2 ||     2
Invok: Sacrifice a Hand  |     1 |       |       |       |       |       |       |       ||     1
       Draw Out Power    |       |     2 |     2 |     3 |     2 |     4 |     1 |     1 ||    15
       Sacrifice Skill   |       |       |     1 |       |       |       |       |       ||     1
       Sacrifice Resista |       |       |     1 |       |       |       |       |       ||     1
       Apocalypse        |       |       |       |     6 |     4 |     6 |     4 |     3 ||    23
       Power Leap        |       |       |       |     1 |       |     7 |     3 |     2 ||    13
Evoke: Wand              |       |       |     4 |     2 |     7 |       |       |     1 ||    14
       Tin of tremorston |       |       |       |       |       |     2 |       |       ||     2
       Condenser vane    |       |       |       |       |       |     1 |     1 |       ||     2
       Box of beasts     |       |       |       |       |       |       |       |     1 ||     1
  Use: Scroll            |       |       |     6 |    17 |    10 |     8 |     6 |     3 ||    50
       Potion            |       |       |     2 |       |     3 |    10 |     1 |     7 ||    23
 Stab: Sleeping          |     5 |     4 |     1 |     1 |       |       |       |       ||    11
       Invisible         |       |     1 |       |       |     2 |       |     1 |     1 ||     5
       Paralysed         |       |       |     5 |    13 |     9 |     7 |     1 |     2 ||    37
       Distracted        |       |       |       |       |     1 |       |       |     3 ||     4
       Confused          |       |       |       |       |       |       |     1 |       ||     1
Armor: Skin              |       |     6 |    10 |     9 |    34 |    53 |    17 |    14 ||   143
Dodge: Dodged            |    17 |    58 |    95 |   125 |   199 |   449 |   305 |   242 ||  1490
Block: Other             |       |     5 |    23 |    20 |       |       |       |       ||    48
       Reflection        |       |       |     2 |       |       |       |       |       ||     2
       Rpst.: Falchion   |       |     1 |       |       |       |       |       |       ||     1
       Demon blade       |       |       |       |       |    30 |     7 |    10 |       ||    47

Table legend: (Time is in decaauts)
 A = Elapsed time spent in this place.
 B = Non-inter-level travel time spent in this place.
 C = Inter-level travel time spent in this place.
 D = Time resting spent in this place.
 E = Time spent auto-exploring this place.
 F = Levels seen in this place.
 G = Mean time per level.
                   A        B        C        D        E       F      G
               +--------+--------+--------+--------+--------+-----+--------+
         Total |  84758 |  75982 |   8776 |  33161 |  29170 |  46 | 1842.6 |
       Dungeon |  24926 |  21460 |   3466 |   7458 |  10492 |  15 | 1661.7 |
        Temple |     44 |     32 |     12 |      0 |     31 |   1 |   44.0 |
          Lair |  11936 |   9677 |   2259 |   3894 |   3709 |   6 | 1989.3 |
        Shoals |  11349 |  10436 |    913 |   6044 |   2777 |   4 | 2837.2 |
   Spider Nest |   8164 |   7444 |    720 |   3047 |   3012 |   4 | 2041.0 |
    Slime Pits |   2752 |   2656 |     96 |   1357 |    793 |   5 |  550.4 |
  Orcish Mines |   4215 |   3739 |    476 |   1475 |   1285 |   2 | 2107.5 |
   Elven Halls |      1 |      1 |      0 |      0 |      0 |   1 |    1.0 |
        Vaults |     59 |     58 |      1 |     14 |     18 |   1 |   59.0 |
        Depths |  19264 |  18435 |    829 |   8643 |   6618 |   5 | 3852.8 |
          Hell |      1 |      1 |      0 |      0 |      0 |   1 |    1.0 |
      Ice Cave |   2040 |   2040 |      0 |   1226 |    435 |   1 | 2040.0 |
               +--------+--------+--------+--------+--------+-----+--------+

Top non-repeatable levels by time:
Depths:3: 6282 daAuts
Depths:2: 5209 daAuts
Shoals:2: 3751 daAuts
Shoals:3: 3607 daAuts
     D:8: 3343 daAuts
    D:15: 3187 daAuts
  Lair:6: 2920 daAuts
Spider:4: 2850 daAuts
Depths:4: 2646 daAuts
Depths:5: 2615 daAuts
Depths:1: 2510 daAuts
  Lair:5: 2436 daAuts
Shoals:1: 2425 daAuts
     D:9: 2350 daAuts
   Orc:2: 2254 daAuts
